Construct Infanterie Kompanie
Selects Mechanized Battlegroup
Construct Panzergrenadier Kompanie
Selects Mobile Repair Stations
Pak 40 Anti-tank Gun Team
Selects Wespe Self-propelled Artillery
Wespe Self-propelled Artillery
Wespe Self-propelled Artillery
Construct Luftwaffe Kompanie
Selects 8 Rad Armored Car
Selects UNKNOWN (2160084)
Pak 40 Anti-tank Gun Team
Construct Panzer Kompanie
Selects Mechanized Assault
Pak 40 Anti-tank Gun Team